 Dungeon Crawl Stone Soup version 0.22-a0-395-gfed312b (webtiles) character file.

35 4thArraOfDagon the Magician (level 3, -29/24 HPs)
             Began as a Mummy Fire Elementalist on May 3, 2018.
             Annihilated by an ogre
             ... wielding a +0 giant club
              (33 damage)
             ... on level 3 of the Dungeon.
             The game lasted 00:02:38 (561 turns).

4thArraOfDagon the Magician (MuFE)                   Turns: 561, Time: 00:02:38

Health: -29/24     AC:  2    Str: 11    XL:     3   Next: 17%
Magic:  0/7        EV: 12    Int: 15    God:
Gold:   66         SH:  0    Dex: 12    Spells: 4/8 levels left

rFire    x . .     SeeInvis .   (no weapon)
rCold    + . .     Gourm    .   (no shield)
rNeg     + + +     Faith    .   a - +0 robe
rPois    ∞         Spirit   .   (no helmet)
rElec    .         Reflect  .   (no cloak)
rCorr    .         Harm     .   (no gloves)
MR       .....                  (no boots)
Stlth    ++........             (no amulet)
HPRegen  0.08/turn              (no ring)
MPRegen  0.10/turn              (no ring)

@: no status effects
A: no food or potions, fire vulnerability, cold resistance 1, negative energy
resistance 3, torment resistance, unbreathing
a: no special abilities


You were on level 3 of the Dungeon.
You were not hungry.

You visited 1 branch of the dungeon, and saw 4 of its levels.

You collected 66 gold pieces.

Inventory:

Armour
 a - a +0 robe (worn)


   Skills:
 - Level 1.5 Dodging
 - Level 1.5 Stealth
 + Level 3.1 Spellcasting
 * Level 1.6 Conjurations
 * Level 2.9 Fire Magic


You had 4 spell levels left.
You knew the following spells:

 Your Spells              Type           Power        Failure   Level  Hunger
a - Flame Tongue          Conj/Fire      #....        8%          1    N/A
b - Conjure Flame         Conj/Fire      #.......     22%         3    N/A

Dungeon Overview and Level Annotations

Branches:
Dungeon (4/15)
 Temple: D:4-7

Altars:

Annotations:
D:2 Terence


Innate Abilities, Weirdness & Mutations

You do not eat or drink.
Your flesh is vulnerable to fire.
You are immune to poison.
Your flesh is cold resistant. (rC+)
You are immune to negative energy. (rN+++)
You are immune to unholy pain and torment.
You can survive without breathing.


Message History

Casting: Flame Tongue (safe; 8% risk of failure)
Confirm with . or Enter, or press ? or * to list all spells.
Aiming: Flame Tongue (safe; 8% risk of failure)
Press: ? - help, Shift-Dir - straight line, f - ogre
Aim: an ogre, wielding a giant club (almost dead)
The flame tongue hits the ogre.
The ogre is almost dead.
The ogre closely misses you.
Enter note: :WHY Unknown command.
The ogre hits you with a giant club!!
Ouch! That really hurt!
* * * LOW HITPOINT WARNING * * *
Unknown command.
Unknown command.
Unknown command.
Unknown command.
The ogre hits you with a giant club!!
Ouch! That really hurt!
You die...

####### #.....# #.....#
##### #)....# #...#
#....O#########...#
#.....@......##...#
#............##...#
#............##...####
#............##......#
#............##.†.†..##
#....>.................
#......................
###..#.......#....#####
............#....#


You could see an ogre.

Vanquished Creatures
  2 adders (D:3)
  A leopard gecko (D:3)
  A giant cockroach (D:2)
  A goblin (D:3)
  A hobgoblin (D:1)
  2 quokkas (D:3)
  3 bats
  A frilled lizard (D:1)
  A kobold (D:1)
  4 rats
17 creatures vanquished.

Notes
Turn   | Place    | Note
-------+----------+-------------------------------------------
     0 | D:1      | 4thArraOfDagon the Mummy Fire Elementalist began the quest for the Orb.
     0 | D:1      | Reached XP level 1. HP: 13/13 MP: 4/4
    65 | D:1      | Reached skill level 1 in Conjurations
   190 | D:2      | Noticed Terence
   213 | D:2      | Reached XP level 2. HP: 16/19 MP: 1/5
   260 | D:3      | Reached skill level 3 in Spellcasting
   359 | D:4      | :O
   459 | D:3      | Reached XP level 3. HP: 23/24 MP: 2/7
   470 | D:3      | Learned a level 3 spell: Conjure Flame
   490 | D:4      | Noticed an ogre
   556 | D:3      | :WHY
   561 | D:3      | Annihilated by an ogre

Vault maps used:
D:1:      erik_arrival_orb_chamber, minmay_misc_feat_doors
D:2:      first_ration, uniq_terence
D:4:      nicolae_dithmenos_the_darkroom, uniq_natasha, uniq_ijyb, uniq_menkaure

Skill      XL: |  1  2 |
---------------+-------+-----
Conjurations   | 1 |  1.6
Spellcasting   | 3 |  3.1
Dodging        | |  1.5
Stealth        | |  1.5
Fire Magic     | |  2.9

Action                   || total
-------------------------++-------
Melee: Unarmed           ||     1
 Cast: Flame Tongue      ||    32
       Conjure Flame     ||     1
Armor: Robe              ||     8
Dodge: Dodged            ||    33

Table legend:
 A = Spawn XP
 B = Non-spawn XP
 C = Spawn XP percentage of total XP
 D = Spawn monster count
 E = Non-spawn monster count
 F = Spawn count percentage of total count
 G = Total turns spent on level
                    A         B        C        D         E        F      G
               +---------+---------+-------+---------+---------+-------+---------
         Total |       0 |      51 |   0.0 |       0 |      17 |   0.0 |   561
               +---------+---------+-------+---------+---------+-------+---------
           D:1 |       0 |       7 |   0.0 |       0 |       6 |   0.0 |   175
           D:2 |       0 |       6 |   0.0 |       0 |       4 |   0.0 |    47
           D:3 |       0 |      38 |   0.0 |       0 |       7 |   0.0 |   267
               +---------+---------+-------+---------+---------+-------+---------
